ITL
RICHMOND FLAIRS @ MEMPHIS REDBIRDS
07/19/2030
 
TOP OF THE 1ST
Richmond Flairs batting - Pitching for Memphis Redbirds : RHP Ray Johnston
Pitching: RHP Ray Johnston
Batting: RHB Lonson Seals 0-0: Ball
1-0: Ball
2-0: Ball
3-0: Called Strike
3-1: Fly out, F8 (Flyball, 8RD)
Batting: LHB R.J. Courtney 0-0: Ball
1-0: Called Strike
1-1: SOLO HOME RUN (Flyball, 89XD), Distance : 385 ft
Batting: LHB Luis Villa 0-0: Fly out, F6 (Popup, 6MD)
Batting: LHB Roland Jones 0-0: Ball
1-0: Swinging Strike
1-1: Swinging Strike
1-2: Ball
2-2: Strikes out looking
Top of the 1st over - 1 run, 1 hit, 0 errors, 0 left on base; Richmond 1 - Memphis 0
BOTTOM OF THE 1ST
Memphis Redbirds batting - Pitching for Richmond Flairs : RHP Chris Carpenter
Pitching: RHP Chris Carpenter
Batting: LHB Glenn Williamson 0-0: Called Strike
0-1: Swinging Strike
0-2: Ball
1-2: Ball
2-2: Fly out, F8 (Flyball, 8RXD)
Batting: LHB Richard Hinkle 0-0: Ball
1-0: Foul Ball, location: 2F
1-1: Ball
2-1: Ball
3-1: Base on Balls
Batting: LHB Milo Powers 0-0: Ball
1-0: Ball
2-0: Called Strike
2-1: SINGLE (Groundball, 4) (infield hit)
Richard Hinkle to second
Batting: SHB Javier Peńa 0-0: Called Strike
0-1: Ball
1-1: Swinging Strike
1-2: Ball
2-2: Foul Ball, location: 2F
2-2: Strikes out swinging
Batting: RHB Will Sterling 0-0: Swinging Strike
0-1: Ball
Wild Pitch!
Richard Hinkle to third
Milo Powers to second
1-1: Foul Ball, location: 2F
1-2: Ball
2-2: Ball
3-2: Base on Balls
Batting: LHB Al Miller 0-0: Called Strike
0-1: Ball
1-1: Ball
2-1: Ball
3-1: SINGLE (Groundball, 34D)
Richard Hinkle scores
Milo Powers to third
Will Sterling to second
Runner from 3rd tries for Home, SAFE, no throw
Batting: RHB Félix Gonzáles 0-0: Ball
1-0: Called Strike
1-1: Foul Ball, location: 2F
1-2: Ball
2-2: Ball
3-2: Strikes out looking
Bottom of the 1st over - 2 runs, 2 hits, 0 errors, 2 left on base; Richmond 1 - Memphis 2
TOP OF THE 2ND
Richmond Flairs batting - Pitching for Memphis Redbirds : RHP Ray Johnston
Batting: RHB Jack Ray 0-0: Ball
1-0: Ball
2-0: Called Strike
2-1: DOUBLE (Line Drive, 8RD)
Batting: RHB Miguel Hernández 0-0: Ball
1-0: Ball
2-0: Ball
3-0: Base on Balls
Batting: RHB Iván De Jesús 0-0: Ball
1-0: Fly out, F8 (Flyball, 89D)
Runner from 2nd tags up, SAFE at 3rd, no throw
Batting: RHB Alejandro Ramos 0-0: Ball
1-0: Foul Ball, location: 2F
1-1: Ball
2-1: Called Strike
2-2: Foul Ball, location: 2F
2-2: Foul Ball, location: 2F
2-2: Fly out, F6 (Popup, 6MS)
Batting: RHB Guo-xiu Hsueh 0-0: Ball
1-0: Called Strike
1-1: Fly out, F9 (Flyball, 9D)
Top of the 2nd over - 0 runs, 1 hit, 0 errors, 2 left on base; Richmond 1 - Memphis 2
BOTTOM OF THE 2ND
Memphis Redbirds batting - Pitching for Richmond Flairs : RHP Chris Carpenter
Batting: SHB Wayne Matthews 0-0: Ball
1-0: Ball
2-0: DOUBLE (Flyball, 8LXD)
Batting: SHB Lewis Woods 0-0: Fly out, F7 (Flyball, 78S)
Batting: LHB Glenn Williamson 0-0: Ball
1-0: Called Strike
1-1: Ground out 4-3 (Groundball, 4)
Wayne Matthews to third
Batting: LHB Richard Hinkle 0-0: Called Strike
0-1: Ball
1-1: Foul Ball, location: 2F
1-2: Foul Ball, location: 2F
1-2: Ball
2-2: Fly out, F8 (Flyball, 89D)
Bottom of the 2nd over - 0 runs, 1 hit, 0 errors, 1 left on base; Richmond 1 - Memphis 2
TOP OF THE 3RD
Richmond Flairs batting - Pitching for Memphis Redbirds : RHP Ray Johnston
Batting: RHB Lonson Seals 0-0: Ball
1-0: DOUBLE (Groundball, 5L)
Batting: LHB R.J. Courtney 0-0: Foul Ball, location: 2F
0-1: Foul Ball, location: 2F
0-2: Ground out 4-3 (Groundball, 4)
Lonson Seals to third
Batting: LHB Luis Villa 0-0: Called Strike
0-1: Ball
1-1: Ball
2-1: Swinging Strike
2-2: Strikes out looking
Batting: LHB Roland Jones 0-0: Ball
1-0: Ball
2-0: Ball
3-0: Called Strike
3-1: Fly out, F9 (Flyball, 9S)
Top of the 3rd over - 0 runs, 1 hit, 0 errors, 1 left on base; Richmond 1 - Memphis 2
BOTTOM OF THE 3RD
Memphis Redbirds batting - Pitching for Richmond Flairs : RHP Chris Carpenter
Batting: LHB Milo Powers 0-0: Called Strike
0-1: Ball
1-1: Ground out U3 (Groundball, 3)
Batting: SHB Javier Peńa 0-0: Called Strike
0-1: Ball
1-1: Foul Ball, location: 2F
1-2: Strikes out swinging
Batting: RHB Will Sterling 0-0: Ball
1-0: Ground out 5-3 (Groundball, 56S)
Bottom of the 3rd over - 0 runs, 0 hits, 0 errors, 0 left on base; Richmond 1 - Memphis 2
TOP OF THE 4TH
Richmond Flairs batting - Pitching for Memphis Redbirds : RHP Ray Johnston
Batting: RHB Jack Ray 0-0: Swinging Strike
0-1: Ball
1-1: Ball
2-1: Foul Ball, location: 2F
2-2: Foul Ball, location: 2F
2-2: Ground out U3 (Groundball, 34)
Batting: RHB Miguel Hernández 0-0: Ball
1-0: Fly out, F4 (Line Drive, 4)
Batting: RHB Iván De Jesús 0-0: Ball
1-0: Fly out, F4 (Line Drive, 4)
Top of the 4th over - 0 runs, 0 hits, 0 errors, 0 left on base; Richmond 1 - Memphis 2
BOTTOM OF THE 4TH
Memphis Redbirds batting - Pitching for Richmond Flairs : RHP Chris Carpenter
Batting: LHB Al Miller 0-0: Ball
1-0: Foul Ball, location: 2F
1-1: Ball
2-1: Ball
3-1: Called Strike
3-2: Base on Balls
Batting: RHB Félix Gonzáles 0-0: Ball
1-0: Foul Ball, location: 2F
1-1: Called Strike
1-2: Foul Ball, location: 2F
1-2: Ball
2-2: Strikes out looking
Batting: SHB Wayne Matthews 0-0: Ball
1-0: Ball
2-0: Ball
Wild Pitch!
Al Miller to second
3-0: Base on Balls
Batting: SHB Lewis Woods 0-0: Ball
1-0: Ball
2-0: SINGLE (Line Drive, 6D)
Al Miller to third
Wayne Matthews to second
Runner from 3rd tries for Home, SAFE, no throw
Batting: LHB Glenn Williamson 0-0: Foul Ball, location: 2F
0-1: Ball
1-1: Fly out, F8 (Flyball, 8RXD)
Runner from 2nd tags up, SAFE at 3rd, no throw
Batting: LHB Richard Hinkle 0-0: Swinging Strike
0-1: Swinging Strike
0-2: Ball
1-2: Ball
Wild Pitch!
Wayne Matthews scores
Lewis Woods to second
2-2: Foul Ball, location: 2F
2-2: Foul Ball, location: 2F
2-2: SINGLE (Groundball, 5D)
Lewis Woods to third
Runner from 3rd tries for Home, SAFE, no throw
Batting: LHB Milo Powers 0-0: Swinging Strike
0-1: Foul Ball, location: 2F
0-2: Ball
1-2: Ball
2-2: Ball
3-2: Ground out 4-3 (Groundball, 34)
Bottom of the 4th over - 3 runs, 2 hits, 0 errors, 1 left on base; Richmond 1 - Memphis 5
TOP OF THE 5TH
Richmond Flairs batting - Pitching for Memphis Redbirds : RHP Ray Johnston
Batting: RHB Alejandro Ramos 0-0: Ball
1-0: Swinging Strike
1-1: Foul Ball, location: 2F
1-2: Strikes out swinging
Batting: RHB Guo-xiu Hsueh 0-0: Ball
1-0: Called Strike
1-1: Fly out, F4 (Popup, 4D)
Batting: RHB Lonson Seals 0-0: Called Strike
0-1: Swinging Strike
0-2: Strikes out looking
Top of the 5th over - 0 runs, 0 hits, 0 errors, 0 left on base; Richmond 1 - Memphis 5
BOTTOM OF THE 5TH
Memphis Redbirds batting - Pitching for Richmond Flairs : RHP Chris Carpenter
Pitching: LHP Orlando Díaz
Batting: SHB Javier Peńa 0-0: Foul Ball, location: 2F
0-1: Ball
1-1: Ball
2-1: Foul Ball, location: 2F
2-2: Strikes out swinging
Batting: RHB Will Sterling 0-0: Ball
1-0: Ball
2-0: Ball
3-0: Base on Balls
Batting: LHB Al Miller 0-0: Ball
1-0: Swinging Strike
1-1: Ball
Wild Pitch!
Will Sterling to second
2-1: Ball
3-1: Foul Ball, location: 2F
3-2: Base on Balls
Batting: RHB Félix Gonzáles 0-0: Ball
1-0: Ball
2-0: Ball
3-0: Base on Balls
Will Sterling to third
Al Miller to second
Batting: SHB Wayne Matthews 0-0: Fly out, F4 (Line Drive, 34D)
Batting: SHB Lewis Woods 0-0: Ball
1-0: Ball
2-0: Called Strike
2-1: Ball
3-1: Base on Balls
Will Sterling scores
Al Miller to third
Félix Gonzáles to second
Batting: LHB Glenn Williamson 0-0: Ball
1-0: Foul Ball, location: 2F
1-1: Ground out U3 (Groundball, 34S)
Bottom of the 5th over - 1 run, 0 hits, 0 errors, 3 left on base; Richmond 1 - Memphis 6
TOP OF THE 6TH
Richmond Flairs batting - Pitching for Memphis Redbirds : RHP Ray Johnston
Batting: LHB R.J. Courtney 0-0: Ball
1-0: Swinging Strike
1-1: Swinging Strike
1-2: Foul Ball, location: 2F
1-2: Fly out, F8 (Flyball, 8RM)
Batting: LHB Luis Villa 0-0: Foul Ball, location: 2F
0-1: Foul Ball, location: 2F
0-2: Ball
1-2: Strikes out looking
Batting: LHB Roland Jones 0-0: Ball
1-0: Swinging Strike
1-1: Swinging Strike
1-2: Strikes out looking
Top of the 6th over - 0 runs, 0 hits, 0 errors, 0 left on base; Richmond 1 - Memphis 6
BOTTOM OF THE 6TH
Memphis Redbirds batting - Pitching for Richmond Flairs : LHP Orlando Díaz
Batting: LHB Richard Hinkle 0-0: Ball
1-0: Called Strike
1-1: Ground out 3-1 (Groundball, 34S)
Batting: LHB Milo Powers 0-0: Swinging Strike
0-1: Called Strike
0-2: Foul Ball, location: 2F
0-2: Ball
1-2: Ground out U3 (Groundball, 3)
Batting: SHB Javier Peńa 0-0: Ball
1-0: Ball
2-0: Ball
3-0: Called Strike
3-1: Foul Ball, location: 2F
3-2: Base on Balls
Batting: RHB Will Sterling 0-0: Called Strike
0-1: Ball
1-1: Called Strike
1-2: Fly out, F8 (Line Drive, 8LM)
Bottom of the 6th over - 0 runs, 0 hits, 0 errors, 1 left on base; Richmond 1 - Memphis 6
TOP OF THE 7TH
Richmond Flairs batting - Pitching for Memphis Redbirds : RHP Ray Johnston
Batting: RHB Jack Ray 0-0: Ball
1-0: Ball
2-0: Fly out, F8 (Flyball, 8RD)
Batting: RHB Miguel Hernández 0-0: Ball
1-0: Swinging Strike
1-1: Ball
2-1: Foul Ball, location: 2F
2-2: Foul Ball, location: 2F
2-2: Foul Ball, location: 2F
2-2: Foul Ball, location: 2F
2-2: Strikes out swinging
Batting: RHB Iván De Jesús 0-0: Swinging Strike
0-1: Ball
1-1: Ball
2-1: Reached on error, E3 (Groundball, 34)
Pitching: RHP António Cruz
Batting: RHB Alejandro Ramos 0-0: Ball
1-0: Called Strike
1-1: Ball
2-1: Swinging Strike
2-2: Ground out 6-3 (Groundball, 6)
Top of the 7th over - 0 runs, 0 hits, 1 error, 1 left on base; Richmond 1 - Memphis 6
BOTTOM OF THE 7TH
Memphis Redbirds batting - Pitching for Richmond Flairs : LHP Orlando Díaz
Batting: LHB Al Miller 0-0: Ball
1-0: Swinging Strike
1-1: Foul Ball, location: 2F
1-2: Ball
2-2: Ball
3-2: Foul Ball, location: 2F
3-2: Base on Balls
Batting: RHB Félix Gonzáles Balk!
Al Miller to second
0-0: Ball
1-0: Called Strike
1-1: Ball
2-1: Ball
3-1: Foul Ball, location: 2F
3-2: DOUBLE (Line Drive, 78M)
Al Miller scores
Batting: SHB Wayne Matthews 0-0: Foul Ball, location: 2F
0-1: Ball
1-1: TRIPLE (Flyball, 89D)
Félix Gonzáles scores
Batting: SHB Lewis Woods 0-0: Ball
1-0: Ball
2-0: Ball
3-0: Called Strike
3-1: Called Strike
3-2: Base on Balls
Pitching: RHP Sandro Gonzáles
Batting: LHB Glenn Williamson 0-0: Grounds into double play, 1-4-3 (Groundball, 15)
Batting: LHB Richard Hinkle 0-0: Swinging Strike
0-1: Swinging Strike
0-2: Ground out 4-3 (Groundball, 34)
Bottom of the 7th over - 2 runs, 2 hits, 0 errors, 1 left on base; Richmond 1 - Memphis 8
TOP OF THE 8TH
Richmond Flairs batting - Pitching for Memphis Redbirds : RHP António Cruz
Now at 1B: Dudley Cooper
Now at SS: Fernando Pérez
Now in CF: Dave Boom
Batting: RHB Guo-xiu Hsueh 0-0: Ball
1-0: Ball
2-0: Ball
3-0: Base on Balls
Batting: RHB Lonson Seals 0-0: Called Strike
0-1: Foul Ball, location: 2F
0-2: Ball
1-2: Foul Ball, location: 2F
1-2: Strikes out swinging
Batting: LHB R.J. Courtney 0-0: Ball
1-0: Called Strike
1-1: Foul Ball, location: 2F
1-2: Ball
2-2: SINGLE (Groundball, 56D)
Guo-xiu Hsueh to second
Batting: LHB Luis Villa 0-0: Ball
1-0: Ball
2-0: Ball
3-0: Base on Balls
Guo-xiu Hsueh to third
R.J. Courtney to second
Batting: LHB Roland Jones 0-0: Called Strike
0-1: Ball
1-1: Ball
2-1: Swinging Strike
2-2: Strikes out swinging
Batting: RHB Jack Ray 0-0: Ground out 3-1 (Groundball, 34S)
Top of the 8th over - 0 runs, 1 hit, 0 errors, 3 left on base; Richmond 1 - Memphis 8
BOTTOM OF THE 8TH
Memphis Redbirds batting - Pitching for Richmond Flairs : RHP Sandro Gonzáles
Batting: LHB Milo Powers 0-0: Called Strike
0-1: Called Strike
0-2: Ball
1-2: DOUBLE (Flyball, 8LXD)
Batting: SHB Javier Peńa 0-0: Called Strike
0-1: Ball
1-1: Foul Ball, location: 2F
1-2: Fly out, F8 (Flyball, 8LM)
Batting: RHB Will Sterling 0-0: Foul Ball, location: 2F
0-1: Ball
1-1: Ball
2-1: Swinging Strike
2-2: Ground out 3-1 (Groundball, 34)
Milo Powers to third
Batting: LHB Al Miller 0-0: Called Strike
0-1: Foul Ball, location: 2F
0-2: Strikes out swinging
Bottom of the 8th over - 0 runs, 1 hit, 0 errors, 1 left on base; Richmond 1 - Memphis 8
TOP OF THE 9TH
Richmond Flairs batting - Pitching for Memphis Redbirds : RHP António Cruz
Batting: RHB Miguel Hernández 0-0: Hit by Pitch
Batting: RHB Iván De Jesús 0-0: Swinging Strike
0-1: Called Strike
0-2: Foul Ball, location: 2F
0-2: Foul Ball, location: 2F
0-2: Fielders Choice at 2nd, 6-4 (Groundball, 6)
Batting: RHB Alejandro Ramos 0-0: Called Strike
0-1: Ball
1-1: Ground out U3 (Groundball, 34)
Iván De Jesús to second
Batting: RHB Guo-xiu Hsueh 0-0: Ball
1-0: Ball
2-0: Ball
3-0: Called Strike
3-1: Foul Ball, location: 2F
3-2: Foul Ball, location: 2F
3-2: Base on Balls
Batting: RHB Lonson Seals 0-0: Called Strike
0-1: Foul Ball, location: 2F
0-2: Foul Ball, location: 2F
0-2: Ground out 4-3 (Groundball, 4)
Top of the 9th over - 0 runs, 0 hits, 0 errors, 2 left on base; Richmond 1 - Memphis 8
Saturday, April 7th, 2018 - OOTP Baseball 18.8 Build 76